 Dungeon Crawl Stone Soup version 0.30.0-29-ga12c61a403 (webtiles) character file.

Game seed: 7679035425199214329

21347 H0rd4k the Basher (level 13, -1/99 HPs)
             Began as a Human Artificer on June 19, 2023.
             Was an Initiate of Gozag.
             Slain by a catoblepas (2 damage)
             ... while petrified by a catoblepas
             ... on level 2 of the Lair of Beasts.
             The game lasted 00:37:09 (19918 turns).

H0rd4k the Basher (Human Artificer)                Turns: 19918, Time: 00:37:10

Health: -1/99      AC: 15    Str: 23    XL:     13   Next: 19%
Magic:  31/33      EV:  2    Int: 17    God:    Gozag
Gold:   935        SH:  0    Dex: 19    Spells: 17/26 levels left

rFire   . . .        x - +7 mace of Dissatisfaction {freeze, Str+4}
rCold   . . .        (no shield)
rNeg    + + +        b - +1 leather armour
rPois   ∞            (no helmet)
rElec   .            O - +2 cloak
rCorr   .            K - +0 pair of gloves
SInv    .            C - +2 pair of boots
Will    .....        (no amulet)
Stlth   +++          h - ring "Mamac Okaw" {Drain Fly Str+6 Dex+6}
HPRegen 0.36/turn    w - ring of magical power
MPRegen 0.23/turn

%: no passive effects
@: ice-armoured, petrified, flying
A: large bone plates 1, subdued magic 1
a: Renounce Religion, Potion Petition, Call Merchant, Bribe Branch


You were on level 2 of the Lair of Beasts.
You worshipped Gozag.
Gozag was pleased with you.
You visited 3 branches of the dungeon, and saw 14 of its levels.
You also visited: Sewer.

You collected 2602 gold pieces.
You spent 1572 gold pieces at shops.
You paid 95 gold pieces to Gozag.

Inventory:

Hand Weapons
 x - the +7 mace of Dissatisfaction (weapon) {freeze, Str+4}
   (You found it on level 4 of the Dungeon)

   Str:       It affects your strength (+4).
 H - the +6 shillelagh "Devastator" {shatter}
   (You found it on level 10 of the Dungeon)
 N - a +2 morningstar of holy wrath
 U - a +5 flail
Missiles
 u - 7 throwing nets
 M - 5 boomerangs of dispersal
Armour
 b - a +1 leather armour (worn)
 C - a +2 pair of boots (worn)
 D - quicksilver dragon scales
 K - a +0 pair of gloves (worn)
 O - a +2 cloak (worn)
Magical Staves
 G - a staff of conjuration
 I - a staff of earth
Jewellery
 g - a +4 ring of protection
 h - the ring "Mamac Okaw" (left hand) {Drain Fly Str+6 Dex+6}
   (You acquired it on level 6 of the Dungeon)

   [ring of strength]

   Str:       It affects your strength (+6).
   Dex:       It affects your dexterity (+6).
   Fly:       It grants you flight.
   Drain:     It drains your maximum health when unequipped.
 w - a ring of magical power (right hand)
 T - a +6 ring of dexterity
Wands
 d - a wand of charming (5)
 m - a wand of roots (5)
 A - a wand of polymorph (11)
 L - a wand of flame (10) (quivered)
Scrolls
 a - 4 scrolls of enchant armour
 i - a scroll of amnesia
 j - 3 scrolls of poison
 n - a scroll of magic mapping
 q - 2 scrolls of butterflies
 s - 3 scrolls of immolation
 t - 6 scrolls of teleportation
 y - a scroll of fog
 z - 2 scrolls of fear
 F - 3 scrolls of identify
 R - 2 scrolls of blinking
Potions
 f - 3 potions of mutation
 k - 4 potions of haste
 l - 2 potions of magic
 o - 6 potions of flight
 p - 4 potions of brilliance
 r - a potion of heal wounds
 v - 2 potions of attraction
 E - 3 potions of cancellation
 J - a potion of berserk rage
Miscellaneous
 P - a piece from Xom's chessboard (14/15)


   Skills:
 + Level 8.6 Fighting
 + Level 12.5 Maces & Flails
 + Level 1.4 Throwing
 - Level 2.0 Armour
 - Level 6.6 Dodging
 + Level 6.5 Stealth
 - Level 2.5 Shields
 * Level 7.4 Spellcasting
 + Level 4.2 Translocations
 + Level 3.3 Ice Magic
 + Level 6.1 Evocations


You had 17 spell levels left.
You knew the following spells:

 Your Spells              Type           Power      Damage    Failure   Level
a - Blink                 Tloc           30%        N/A       2%          2
b - Freeze                Ice            52%        1d6       2%          1
c - Frozen Ramparts       Ice            26%        1d4       8%          3
d - Ozocubu's Armour      Ice            13%        N/A       8%          3

Your spell library contained the following spells:

 Spells                   Type           Power      Damage    Failure   Level
 Lesser Beckoning         Tloc           30%        N/A       2%          2
 Gell's Gravitas          Tloc           15%        N/A       5%          3
 Momentum Strike          Conj/Tloc      20%        3d8       7%          2
 Magic Dart               Conj           16%        1d3       11%         1
 Sandblast                Erth           8%         2d5       11%         1
 Sting                    Tmut/Pois      16%        1d3       11%         1
 Portal Projectile        Hex/Tloc       20%        N/A       13%         3
 Cigotuvi's Dreadful Rot  Necr/Pois/Air  8%         N/A       16%         2
 Passwall                 Tmut/Erth      3%         N/A       16%         2
 Poisonous Vapours        Pois/Air       8%         N/A       16%         2
 Searing Ray              Conj           8%         2d4       16%         2
 Mephitic Cloud           Conj/Pois/Air  4%         N/A       32%         3
 Stone Arrow              Conj/Erth      8%         3d7       32%         3
 Ice Form                 Ice/Tmut       9%         N/A       50%         4
 Fulminant Prism          Conj/Hex       2%         3d5       73%         4
 Freezing Cloud           Conj/Ice/Air   3%         6-21      90%         5
 Ozocubu's Refrigeration  Ice            6%         4d8       100%        7
 Simulacrum               Ice/Necr       Unusable   N/A       N/A         6

Dungeon Overview and Level Annotations

Branches:
Dungeon (11/15)            Temple (1/1) D:6            Lair (2/5) D:8
    Orc (0/2) D:11          Sewer (visited)
  Swamp: Lair:2-3    Shoals: Lair:2-3     Snake: Lair:2-3    Spider: Lair:2-3

Altars:
Ashenzari
Cheibriados
Dithmenos
Elyvilon
Fedhas
Gozag
Hepliaklqana
Kikubaaqudgha
Makhleb
Nemelex Xobeh
Okawaru
Qazlal
Ru
Sif Muna
Trog
Uskayaw
Vehumet
Wu Jian
Xom
Yredelemnul
Zin

Shops:
D:3 (:!=   D:5 *   D:8 *   D:10 :

Annotations:
D:7 exclusion: downstairs
D:8 exclusion: downstairs
D:9 3 runed translucent doors, exclusions: 3 doors and orange demon, Amaemon; MrAu's ghost, novice DgFi
D:10 Erica; Urug
Lair:1 exclusion: 2 downstairs


Innate Abilities, Weirdness & Mutations

You are partially covered in large bone plates. (SH +4)
Your spells are a little easier to cast, but a little less powerful.


Message History

The catoblepas barely misses you.
You barely miss the catoblepas.
The catoblepas is almost dead.
You are engulfed in calcifying dust.
Your limbs have turned to stone.
The wall freezes the yak but does no damage.
The wall freezes the yak.
The wall freezes the yak but does no damage.
The yak gores you.
The wall freezes the catoblepas but does no damage.
The catoblepas gores you but does no damage.
You have turned to stone.
You are engulfed in calcifying dust.
The wall freezes the yak but does no damage.
The wall freezes the catoblepas but does no damage.
The catoblepas gores you.
The wall freezes the yak. x2
The yak gores you but does no damage.
You are engulfed in calcifying dust.
The frozen ramparts melt away.
The catoblepas gores you. The yak gores you.
You are engulfed in calcifying dust.
The catoblepas gores you!!
* * * LOW HITPOINT WARNING * * *
The yak gores you.
* * * LOW HITPOINT WARNING * * *
You hear a bellow!
You are engulfed in calcifying dust.
You hear a bellow!
The yak gores you.
* * * LOW HITPOINT WARNING * * *
The catoblepas gores you!
* * * LOW HITPOINT WARNING * * *
You hear a chilling moan.
The catoblepas breathes a plume of calcifying dust at you.
The blast of calcifying dust hits you but does no damage.
The yak gores you but does no damage.
You are engulfed in calcifying dust.
The yak gores you.
* * * LOW HITPOINT WARNING * * *
The catoblepas gores you!
* * * LOW HITPOINT WARNING * * *
You are engulfed in calcifying dust.
The catoblepas gores you.
You die...
Your body crumbles into a pile of gold.

.......§.....## ...#.. BY
.......§......## ....###...
..........#.#..## ...^.....
..........Y§....## ###......(.
..........#Y.....###.#.#..#
..........##.§..YY......#
......><.##..###Y####.###
.........###.# #Y## #.P#
.......P.##..# #@Y# #.##
........###..###..# #.#
.#.P.#...###..##..###.P
####.#....P..###...##P.
###.........# #..#...P#
#.#....#P.#..##..###.## ####
.##.#...##.#####<.###.# ###.#.
.........######....##. ##.....
#
#...#.P###.###...##.#####..####


You could see a death yak, a catoblepas and 3 yaks.

Vanquished Creatures
  2 boulder beetles
  A death yak (Lair:1)
  3 two-headed ogres
  Pikel (D:9)
  A cyclops (D:11)
  A manticore (D:11)
  3 elephants (Lair:1)
  Maurice (D:11)
  Joseph (D:7)
  3 gargoyles
  3 cane toads (Lair:1)
  2 rime drakes (Lair:1)
  Psyche (D:10)
  3 komodo dragons (Lair:1)
  2 trolls (D:10)
  3 blink frogs
  2 shadows (D:11)
  A vampire (D:11)
  2 wraiths
  2 basilisks
  2 wyverns
  19 yaks
  4 vampire mosquitoes (D:11)
  A warg (D:11)
  An acid dragon (D:11)
  3 water moccasins (Lair:1)
  The ghost of KamiKatze the Shield-Bearer, an amateur VSFi (D:3)
  2 ice beasts
  4 orc warriors
  2 centaurs
  2 wolves (D:8)
  An ogre (D:5)
  A lemure (D:9)
  A phantom (D:7)
  A kobold brigand (D:6)
  4 gnoll sergeants
  5 bullfrogs
  6 scorpions
  4 wights
  The ghost of ymhsbmbesitwf the Trooper, a weakling MiFi (D:3)
  10 killer bees
  6 electric eels (D:8)
  4 howler monkeys
  A crimson imp (D:10)
  2 jellies
  6 orc priests
  4 gnoll boudas (D:8)
  7 hounds
  3 iguanas
  12 orc wizards
  30 gnolls
  13 adders
  3 shadow imps
  A white imp (D:10)
  2 ufetubi
  2 worms (D:2)
  5 dart slugs
  42 orcs
  6 ball pythons
  15 endoplasms
  6 giant cockroaches (Sewer)
  8 goblins
  14 hobgoblins
  4 jackals (D:8)
  12 quokkas
  4 bats
  15 frilled lizards
  9 kobolds
  5 rats
  A butterfly (D:6)
355 creatures vanquished.

Vanquished Creatures (collateral kills)
  A hornet (D:9)
  A yak (D:9)
  A bullfrog (D:8)
  3 killer bees (D:10)
  2 orc wizards
  A gnoll (D:8)
  3 orcs (D:5)
12 creatures vanquished.

Vanquished Creatures (others)
  5 dream sheep (D:3)
  A yak (D:9)
  A water moccasin (D:5)
  A black bear (D:8)
  A wight (D:9)
  A gnoll (D:8)
  An orc (D:10)
11 creatures vanquished.

Grand Total: 378 creatures vanquished

Notes
Turn   | Place    | Note
-------+----------+-------------------------------------------
     0 | D:1      | H0rd4k the Human Artificer began the quest for the Orb.
     0 | D:1      | Reached XP level 1. HP: 15/15 MP: 1/1
   172 | D:1      | Reached XP level 2. HP: 12/21 MP: 2/2
   921 | D:1      | Found a stormy altar of Qazlal.
  1114 | D:2      | Reached XP level 3. HP: 14/26 MP: 3/3
  1797 | D:2      | Found a glowing silver altar of Zin.
  1924 | D:3      | Found a runed translucent gate.
  1925 | D:3      | Found a runed translucent gate.
  1925 | D:3      | Found a runed translucent gate.
  1927 | D:3      | Noticed ymhsbmbesitwf's ghost (weakling MiFi)
  1928 | D:3      | Noticed KamiKatze's ghost (amateur VSFi)
  1937 | D:3      | Reached skill level 1 in Maces & Flails
  1993 | D:3      | Reached XP level 4. HP: 23/32 MP: 4/4
  2006 | D:3      | HP: 1/32 [orc/+0 flail (7)]
  2379 | D:3      | Found Vaonuhow's Jewellery Boutique.
  2404 | D:3      | Noticed a dream sheep
  2404 | D:3      | Noticed a dream sheep
  2404 | D:3      | Noticed a dream sheep
  2404 | D:3      | Noticed a dream sheep
  2404 | D:3      | Noticed a dream sheep
  2404 | D:3      | Found a shimmering altar of Xom.
  2405 | D:3      | Killed a dream sheep
  2405 | D:3      | Killed a dream sheep
  2405 | D:3      | Killed a dream sheep
  2405 | D:3      | Killed a dream sheep
  2405 | D:3      | Killed a dream sheep
  2406 | D:3      | Reached skill level 4 in Maces & Flails
  2406 | D:3      | Reached XP level 5. HP: 4/41 MP: 5/5
  2406 | D:3      | Reached XP level 6. HP: 5/47 MP: 6/6
  2406 | D:3      | Reached XP level 7. HP: 6/52 MP: 7/7
  2641 | D:3      | Found a white marble altar of Elyvilon.
  2704 | D:3      | Found a sacrificial altar of Ru.
  2840 | D:3      | Found a faded altar of an unknown god.
  2851 | D:3      | Found Qare Jure's Distillery.
  2912 | D:3      | Found Juruna's Weapon Boutique.
  3000 | D:3      | Found Puosch's Book Shoppe.
  3701 | D:4      | Identified the +7 mace of Dissatisfaction {freeze, Str+4}
  4427 | D:5      | Entered Level 5 of the Dungeon
  4452 | D:5      | Reached XP level 8. HP: 47/60 MP: 8/8
  4473 | D:5      | Reached skill level 5 in Maces & Flails
  4490 | D:5      | Found Huixtoc's General Store.
  4507 | D:5      | Gained mutation: Your spells are a little easier to cast,
                  | but a little less powerful. [potion of mutation]
  4507 | D:5      | Gained mutation: You are partially covered in large bone
                  | plates. (SH +4) [potion of mutation]
  4618 | D:5      | Found a bloodstained altar of Trog.
  4757 | D:5      | Found a glowing drain.
  4766 | Sewer    | Entered a sewer
  5090 | Sewer    | Reached skill level 6 in Maces & Flails
  5280 | D:5      | Reached XP level 9. HP: 56/67 MP: 9/9
  5470 | D:5      | Reached skill level 5 in Fighting
  5550 | D:5      | Reached skill level 7 in Maces & Flails
  5901 | D:5      | Found a burning altar of Makhleb.
  6236 | D:6      | Found a staircase to the Ecumenical Temple.
  6246 | Temple   | Entered the Ecumenical Temple
  6308 | Temple   | Became a worshipper of Gozag Ym Sagoz the Greedy
  6736 | D:6      | Reached skill level 1 in Shields
  6736 | D:6      | Reached skill level 1 in Spellcasting
  7003 | D:6      | Identified the +2 quarterstaff of Napumu {heavy, Dex+2}
  7228 | D:6      | Identified a scroll of acquirement
  7229 | D:6      | Acquired the ring "Mamac Okaw" {Drain Fly Str+6 Dex+6}
  7293 | D:7      | Found a radiant altar of Vehumet.
  7294 | D:7      | Found a snail-covered altar of Cheibriados.
  7360 | D:7      | Noticed Joseph
  7377 | D:7      | Killed Joseph
  7606 | D:7      | Found an ancient bone altar of Kikubaaqudgha.
  7713 | D:7      | Reached skill level 8 in Maces & Flails
  7723 | D:7      | Reached skill level 5 in Dodging
  7728 | D:7      | Reached XP level 10. HP: 14/76 MP: 13/13
  7834 | D:7      | Found a glowing silver altar of Zin.
  8237 | D:7      | Found a sparkling altar of Nemelex Xobeh.
  8436 | D:8      | Noticed a two-headed ogre
  9082 | D:8      | Found a staircase to the Lair.
  9114 | D:8      | Reached skill level 9 in Maces & Flails
  9476 | D:8      | Found Qehanyu's Assorted Antiques.
 10538 | D:8      | Killed a two-headed ogre
 10539 | D:8      | Reached skill level 5 in Evocations
 11026 | D:9      | Reached XP level 11. HP: 26/83 MP: 17/17
 11031 | D:9      | Reached skill level 10 in Maces & Flails
 11531 | D:9      | Noticed Amaemon
 11683 | D:9      | Noticed Pikel
 11735 | D:9      | Reached skill level 5 in Spellcasting
 11742 | D:9      | Killed Pikel
 11804 | D:9      | Found a runed translucent gate.
 11804 | D:9      | Found a runed translucent gate.
 11804 | D:9      | Found a runed translucent gate.
 11804 | D:9      | Noticed MrAu's ghost (novice DgFi)
 12402 | D:9      | Noticed a two-headed ogre
 12410 | D:9      | Killed a two-headed ogre
 12730 | D:3      | Bought a +2 morningstar of holy wrath for 230 gold pieces
 12957 | D:10     | Entered Level 10 of the Dungeon
 12961 | D:10     | Noticed Urug
 13011 | D:10     | Found Wotixt's Tremendous Tomes.
 13052 | D:10     | Noticed Erica
 13081 | D:10     | Noticed Psyche
 13091 | D:10     | Killed Psyche
 13527 | D:10     | Found a stormy altar of Qazlal.
 13527 | D:10     | Found a hide-covered altar of Uskayaw.
 13527 | D:10     | Found a broken altar of Ashenzari.
 13683 | D:10     | Reached skill level 11 in Maces & Flails
 13781 | D:10     | Noticed a catoblepas
 13781 | D:10     | Found the +6 shillelagh "Devastator" {shatter}
 13809 | D:10     | Reached skill level 5 in Stealth
 13886 | D:10     | Noticed a boulder beetle
 13892 | D:10     | Noticed a boulder beetle
 13940 | D:10     | Reached skill level 1 in Throwing
 14195 | D:10     | Killed a boulder beetle
 14380 | D:10     | Noticed a two-headed ogre
 14392 | D:10     | Killed a two-headed ogre
 14393 | D:10     | Reached XP level 12. HP: 40/92 MP: 21/21
 14580 | D:10     | Bought the Compendium of the Fifty Xalams for 704 gold
                  | pieces
 14583 | D:10     | Learned a level 2 spell: Blink
 14585 | D:10     | Learned a level 1 spell: Freeze
 14877 | D:3      | Killed KamiKatze's ghost
 14891 | D:3      | Killed ymhsbmbesitwf's ghost
 15047 | Lair:1   | Entered Level 1 of the Lair of Beasts
 15285 | Lair:1   | Reached skill level 1 in Translocations
 15627 | Lair:1   | Reached skill level 1 in Ice Magic
 17304 | D:10     | Bought Dimip's Book of Cankerous Freezing for 638 gold
                  | pieces
 17308 | D:10     | Learned a level 3 spell: Frozen Ramparts
 17413 | D:10     | Found a shadowy altar of Dithmenos.
 17797 | D:11     | Found a hide-covered altar of Uskayaw.
 17827 | D:11     | Reached skill level 12 in Maces & Flails
 18071 | D:11     | Noticed Maurice
 18082 | D:11     | Killed Maurice
 18353 | D:11     | Noticed a boulder beetle
 18427 | D:11     | Found a staircase to the Orcish Mines.
 18429 | D:11     | Killed a boulder beetle
 18430 | D:11     | Reached XP level 13. HP: 31/98 MP: 23/23
 19025 | D:11     | Learned a level 3 spell: Ozocubu's Armour
 19546 | Lair:2   | Noticed a catoblepas
 19917 | Lair:2   | HP: 1/99 [catoblepas (7)]
 19918 | Lair:2   | Slain by a catoblepas

Illustrated notes

Levels and vault maps discovered:
D:1:      dpeg_arrival_water_altar, layout_loops_corners, nicolae_eternal_life
D:2:      layout_basic, basic_altar, nicolae_underground_beach
D:3:      layout_rooms, kb_xom_exploding_sheep,
          mainiacjoe_overflow_catch_the_wave, gammafunk_ghost_cemetery,
          shapermc_ecumenical_altar_flowoftime, serial_shops,
          nicolae_shop_back_alley_shop, shop, nicolae_shop_tiny_statue_garden,
          nicolae_shop_real_fake_doors, palyth_stone_intersect
D:4:      layout_gridville
D:5:      minmay_angry_zag, layout_loops_ring, lemuel_doored_altar,
          mainiacjoe_overflow_alcove_1, serial_shops,
          nicolae_shop_tiny_statue_garden, portal_sewer_entry_d,
          serial_bayou_pond_b, grunt_ministairs_12
D:6:      layout_loops_ring, minmay_temple_entry_butterflies
D:7:      layout_gridville, general_overflow_altar,
          mainiacjoe_overflow_boulevard, mainiacjoe_overflow_24_doors,
          minitemple, uniq_joseph
D:8:      layout_cave_pods, david_lair_generic, serial_gnoll_camp,
          gnoll_camp_mini_house, gnoll_camp_mini_shop, gnoll_camp_huts_moat,
          gnoll_camp_mini_hut, serial_bayou_ford_a
D:9:      layout_irregular_city, gammafunk_ghost_split, uniq_pikel, uniq_amaemon
D:10:     minmay_roctagon, layout_loops_corners, nicolae_dithmenos_the_darkroom,
          gammafunk_temple_overflow_claw, nicolae_shop_i_like_big_books,
          minmay_fire_ice_demons, uniq_erica, uniq_urug, uniq_psyche
D:11:     layout_loops_cross, erik_orc_4, eat_drink_and_be_merry_uskayaw,
          uniq_maurice
Temple:   nicolae_temple_two_arcs
Lair:1:   layout_layer_cave
Lair:2:   layout_loops_ring, nicolae_spider_entry_lesser_pyramids,
          hibernation_bobbens, uniq_maggie

Skill      XL: |  1  2  3  4  5  6  7  8  9 10 11 12 |
---------------+-------------------------------------+-----
Maces & Flails | 1 4 6 8 9 11 12 | 12.5
Fighting       | 3 4 6 7 8 |  8.6
Dodging        | 3 4 5 6 |  6.6
Stealth        | 2 3 4 5 6 |  6.5
Evocations     | 4 5 6 |  6.1
Shields        | 1 2 |  2.5
Spellcasting   | 2 4 6 7 |  7.4
Throwing       | 1 |  1.4
Translocations | 4 |  4.2
Ice Magic      | 3 |  3.3
Armour         | |  2.0

Action                     |  1- 3 |  4- 6 |  7- 9 | 10-12 | 13-15 || total
---------------------------+-------+-------+-------+-------+-------++-------
  Melee: Club              |   176 |    53 |       |       |       ||   229
         Punch             |     1 |     1 |     2 |     9 |     1 ||    14
         Flail             |       |       |    58 |       |       ||    58
         Mace              |       |       |   314 |   631 |    89 ||  1034
         Shillelagh        |       |       |       |    31 |       ||    31
  Throw: Throwing net      |       |       |       |     8 |       ||     8
         Dart              |       |       |       |     3 |       ||     3
   Cast: Frozen Ramparts   |       |       |       |       |     4 ||     4
         Ozocubu's Armour  |       |       |       |       |     2 ||     2
  Evoke: Wand              |     5 |     2 |    15 |    45 |       ||    67
         Piece from Xom's  |       |       |       |       |     1 ||     1
    Use: Potion            |       |       |     1 |     8 |     1 ||    10
         Scroll            |       |       |     8 |    11 |     3 ||    22
   Stab: Sleeping          |     2 |       |    10 |     9 |       ||    21
         Distracted        |       |       |     1 |     3 |     2 ||     6
         Held in net/web   |       |       |       |     6 |       ||     6
         Invisible         |       |       |       |     1 |       ||     1
 Armour: Leather armour    |    51 |     8 |    85 |    93 |    29 ||   266
         Skin              |       |       |       |    11 |       ||    11
  Dodge: Dodged            |   118 |    48 |   229 |   323 |    38 ||   756
  Block: Other             |       |       |    37 |    87 |    14 ||   138
